 Dungeon Crawl Stone Soup version 0.30.1-1-g62c8e00024 (webtiles) character file.

Game seed: 11621304268720740021

513 MuddyParasol the Trooper (level 7, -23/61 HPs)
             Began as a Minotaur Berserker on July 14, 2023.
             Was a Believer of Trog.
             Killed by an exploding Prince Ribbit (26 damage)
             ... ignited by their inner flame
             ... on level 5 of the Dungeon.
             The game lasted 01:51:01 (3998 turns).

MuddyParasol the Trooper (Minotaur Berserker)       Turns: 3998, Time: 01:51:02

Health: -23/61     AC:  5    Str: 33    XL:     7   Next: 0%
Magic:  15/15      EV: 12    Int:  4    God:    Trog [**....]
Gold:   265        SH:  0    Dex:  9    Spells: 6/6 levels left

rFire   . . .        o - +5 short sword "Vuhomoc" {flame, Str+3}
rCold   + . .        (no shield)
rNeg    . . .        t - +2 leather armour {rC+}
rPois   .            (helmet restricted)
rElec   .            (no cloak)
rCorr   .            (no gloves)
SInv    .            (no boots)
Will    .....        j - amulet of magic regeneration
Stlth   +            l - ring of magical power
HPRegen 0.30/turn    B - +6 ring of strength
MPRegen 0.54/turn

%: no passive effects
@: no status effects
A: horns 2, retaliatory headbutt
a: Renounce Religion, Berserk, Trog's Hand


You were on level 5 of the Dungeon.
You worshipped Trog.
Trog was pleased with you.
You visited 1 branch of the dungeon, and saw 5 of its levels.

You collected 265 gold pieces.

Inventory:

Hand Weapons
 a - a +0 spear
 c - a +1 flail of draining
 f - a +0 dagger
 m - a +1 whip of pain
 o - the +5 short sword "Vuhomoc" (weapon) {flame, Str+3}
   (You found it on level 3 of the Dungeon)

   Str:       It affects your strength (+3).
Missiles
 n - an atropa-tipped dart (quivered)
 y - 2 javelins
 A - 2 boomerangs
Armour
 b - a +0 animal skin
 t - a +2 leather armour of cold resistance (worn)
Magical Staves
 k - a staff of conjuration
Jewellery
 j - an amulet of magic regeneration (around neck)
 l - a ring of magical power (left hand)
 B - a +6 ring of strength (right hand)
Wands
 g - a wand of acid (9)
 z - a wand of polymorph (9)
Scrolls
 d - 3 scrolls of teleportation
 h - a scroll of identify
 p - a scroll of enchant weapon
 q - a scroll of noise {unknown}
 u - 2 scrolls of magic mapping
 v - a scroll of brand weapon {unknown}
 w - a scroll of fear {unknown}
Potions
 e - a potion of curing
 i - a potion of brilliance
 s - a potion of lignification
 x - a potion of haste {unknown}


   Skills:
 + Level 5.3 Fighting
 * Level 3.4 Short Blades
 - Level 5.1 Polearms
 + Level 1.6 Throwing
 + Level 4.2 Armour
 + Level 3.7 Dodging
 + Level 0.9 Stealth


You had 6 spell levels left.
You didn't know any spells.
Your spell library contained the following spells:

 Spells                   Type           Power      Damage    Failure   Level
 Sublimation of Blood     Necr           0%         N/A       67%         2
 Wereblood                Tmut           0%         N/A       67%         2
 Portal Projectile        Hex/Tloc       0%         N/A       88%         3
 Tukima's Dance           Hex            0%         N/A       88%         3
 Blade Hands              Tmut           0%         N/A       100%        5
 Summon Hydra             Summ           0%         N/A       100%        7


Dungeon Overview and Level Annotations

Branches:
Dungeon (5/15)
 Temple: D:4-7

Altars:
Elyvilon
Hepliaklqana
Qazlal

Shops:
D:3 =


Innate Abilities, Weirdness & Mutations

You have a pair of horns on your head.
You reflexively headbutt those who attack you in melee.


Message History

Aim: an orc, wielding a +0 mace (56% to hit, chance to blind on hit: 100%)
You throw an atropa-tipped dart. The atropa-tipped dart hits the orc.
The orc appears confused.
Unknown command.
An orc comes into view. It is wielding a +0 mace.
The orc shouts!
An orc comes into view. It is wielding a +0 trident.
An orc comes into view. It is wielding a +0 short sword.
The orc shouts! x2
Prince Ribbit hits you.
An iguana comes into view.
Prince Ribbit hits you!
You miss Prince Ribbit. Your headbutt misses Prince Ribbit.
The orc seems less confused.
Prince Ribbit blinks!
The orc is no longer blind.
You hit Prince Ribbit. You burn Prince Ribbit.
Prince Ribbit is lightly wounded.
Prince Ribbit hits you but does no damage.
Prince Ribbit attacks as you move away! Prince Ribbit barely misses you.
Prince Ribbit blinks!
You hit the orc. You burn the orc.
The orc is moderately wounded.
The orc hits you but does no damage. The orc barely misses you.
As you read the scroll of immolation, it crumbles to dust.
The creatures around you are filled with an inner flame!
Prince Ribbit hits you! The orc closely misses you. You furiously retaliate!
You headbutt the orc.
Flame seeps out of the orc.
The orc completely misses you. You furiously retaliate!
You headbutt the orc. Trog accepts your kill.
The orc explodes!
The fiery explosion engulfs you!!!
Ouch! That really hurt!
* * * LOW HITPOINT WARNING * * *
The fiery explosion engulfs the orc!!
Trog accepts your kill.
The fiery explosion engulfs Prince Ribbit!!!
Trog accepts your kill.
Prince Ribbit explodes!
The fiery explosion engulfs you!!
You die...

#......## #...# #.(.##
#..#....### #..# ##..).#
#.(##.....###..# ##.....##
....###..>.....# ###.......#
##.... #........####.o.......##
###....#....<..#..ol.........##
##....#.....................#
##....#.....§○§...........##
##.........@)§.......)..##
#......##.§§§.........##
#....######§...)......## .....
##..........# ... #.....##....#
#...#####...# #..## ##...# #..#
##... ...# #.


You could see an iguana (inner flame) and 2 orcs.

Vanquished Creatures
  Prince Ribbit (D:5)
  Duvessa (D:4)
  Dowan (D:4)
  A howler monkey (D:3)
  A hound (D:4)
  A jelly (D:5)
  3 orc priests
  2 iguanas
  An orc wizard (D:4)
  An adder (D:2)
  A worm (D:2)
  3 dart slugs
  11 orcs
  5 bats
  4 endoplasms
  6 giant cockroaches
  4 hobgoblins
  5 jackals
  4 quokkas
  4 ball pythons
  4 frilled lizards
  8 goblins
  9 kobolds
  3 rats
84 creatures vanquished.

Notes
Turn   | Place    | Note
-------+----------+-------------------------------------------
     0 | D:1      | MuddyParasol the Minotaur Berserker began the quest for the
                  | Orb.
     0 | D:1      | Reached XP level 1. HP: 19/19 MP: 0/0
   601 | D:1      | Reached XP level 2. HP: 26/27 MP: 1/1
  1103 | D:2      | Reached XP level 3. HP: 33/33 MP: 2/2
  1447 | D:2      | Reached ** piety under Trog
  1885 | D:3      | Found a hazy altar of Hepliaklqana.
  1913 | D:3      | Reached XP level 4. HP: 41/41 MP: 3/3
  2159 | D:3      | Found Meshriba's One-of-a-Kind Rings.
  2248 | D:3      | Found a transporter.
  2250 | D:3      | Found a stormy altar of Qazlal.
  2269 | D:3      | Found a transporter.
  2288 | D:3      | Reached XP level 5. HP: 45/47 MP: 4/4
  2300 | D:3      | Reached skill level 5 in Polearms
  2653 | D:3      | Identified the +5 short sword "Vuhomoc" {flame, Str+3}
  2705 | D:3      | Found a white marble altar of Elyvilon.
  3416 | D:4      | Reached skill level 5 in Fighting
  3435 | D:4      | Reached skill level 1 in Short Blades
  3439 | D:4      | Reached skill level 1 in Throwing
  3512 | D:4      | Noticed Duvessa
  3514 | D:4      | Noticed Dowan
  3529 | D:4      | Killed Duvessa
  3530 | D:4      | Reached XP level 6. HP: 56/56 MP: 5/5
  3532 | D:4      | Killed Dowan
  3927 | D:5      | Entered Level 5 of the Dungeon
  3982 | D:5      | Noticed Prince Ribbit
  3983 | D:5      | Reached XP level 7. HP: 61/61 MP: 6/6
  3998 | D:5      | HP: 3/61 [spore (38)]
  3998 | D:5      | Killed Prince Ribbit
  3998 | D:5      | Killed by an exploding Prince Ribbit... ignited by their
                  | inner flame

Illustrated notes

Levels and vault maps discovered:
D:1:      lightli_arrival_maybe_door_vault, layout_loops_ring
D:2:      layout_loops_ring, serial_bayou_lake_a
D:3:      layout_loops_cross, mainiacjoe_overflow_six_doors_small,
          mainiacjoe_overflow_chevrons, gammafunk_temple_overflow_arena,
          nicolae_shop_unique_rings, kennysheep_cross_room, fountainhead
D:4:      layout_rooms, uniq_duvessa
D:5:      layout_layer_cave, mainiacjoe_overflow_catwalk, uniq_prince_ribbit1

Skill      XL: |  1  2  3  4  5  6 |
---------------+-------------------+-----
Polearms       | 4 5 |  5.1
Fighting       | 4 5 |  5.3
Armour         | 3 4 |  4.2
Dodging        | 3 |  3.7
Short Blades   | 2 3 |  3.4
Throwing       | 1 |  1.6
Stealth        | |  0.9

Action                     |  1- 3 |  4- 6 |  7- 9 || total
---------------------------+-------+-------+-------++-------
  Melee: Spear             |   120 |    30 |       ||   150
         Headbutt          |     9 |     9 |       ||    18
         Punch             |     1 |       |       ||     1
         Short sword       |       |    54 |     3 ||    57
         Flail             |       |     1 |       ||     1
  Throw: Stone             |     6 |    10 |       ||    16
         Javelin           |       |    11 |       ||    11
         Dart              |       |       |     1 ||     1
 Invoke: Berserk           |     2 |     2 |       ||     4
         Trog's Hand       |       |     1 |       ||     1
    Use: Scroll            |       |     8 |     1 ||     9
         Potion            |       |     4 |       ||     4
 Armour: Animal skin       |     5 |       |       ||     5
         Ring mail         |    28 |     6 |       ||    34
         Skin              |       |    52 |       ||    52
         Leather armour    |       |    15 |     2 ||    17
  Dodge: Dodged            |    57 |    38 |     4 ||    99
